Map: Dusk Towers

Players

Arieel

  • Race: Terran Terran
  • League: Platinum

blackxored - Winner!

  • Race: Zerg Zerg
  • League: Diamond

VOD

Have the link to the VOD?

Description

Time

  • Played on: July 1, 2016, 5:15 p.m.
  • Length: 27:54
Show
View Real Time Build Order
Export as new Build Order

Arieel Terran 

Build Orders: Bio Tank 

Get SALT Encoding   

  12  0:01  SCV  
  13  0:13  SCV  
  14  0:19  Supply Depot  
  14  0:25  SCV  
  15  0:32  Refinery  
  15  0:40  SCV  
  16  0:45  Barracks  
  16  0:52  SCV  
  17  1:05  SCV  
  18  1:17  SCV  
  19  1:31  Orbital Command  
  19  1:34  Factory  
  19  1:35  Marine  
  20  1:41  Supply Depot  
  20  1:58  SCV  
  20  1:59  Barracks Reactor  
  21  2:04  Supply Depot  
  21  2:10  SCV  
  23  2:22  SCV  
  23  2:23  Command Center  
  23  2:35  SCV  
  24  2:43  Refinery  
  24  2:44  Marine, Hellion x2  
  28  2:47  SCV  
  30  2:59  SCV  
  31  3:09  Hellion x2  
  31  3:11  SCV  
  36  3:23  SCV  
  37  3:31  Barracks  
  37  3:32  Barracks  
  37  3:34  Hellion, Barracks  
  37  3:35  SCV  
  40  3:45  Orbital Command  
  40  3:47  SCV  
  41  3:49  Barracks Tech Lab  
  41  3:54  Starport  
  41  3:59  SCV  
  34  4:18  SCV x2  
  34  4:20  Barracks Reactor x2  
  34  4:22  Barracks Reactor  
  36  4:24  Refinery  
  36  4:30  SCV  
  37  4:32  Starport Reactor  
  37  4:41  Marine  
  37  4:42  Marine  
  37  4:43  Siege Tank  
  37  4:45  SCV x2  
  44  4:54  Barracks  
  44  4:57  Engineering Bay, SCV x2  
  44  4:58  Engineering Bay  
  44  4:59  Marine  
  46  5:01  Marine  
  46  5:03  Marine  
  49  5:09  SCV x2  
  49  5:10  Refinery  
  49  5:12  Medivac  
  53  5:18  Supply Depot  
  53  5:19  Medivac  
  53  5:21  SCV  
  56  5:22  Supply Depot  
  56  5:25  Supply Depot  
  56  5:27  SCV  
  57  5:32  Siege Tank  
  57  5:35  Marine  
  61  5:36  Marine  
  61  5:40  Barracks Tech Lab  
  61  5:42  Medivac  
  64  5:49  Medivac, SCV x2  
  68  6:01  SCV x2  
  70  6:04  Siege Tank  
  73  6:12  Medivac  
  73  6:13  Supply Depot  
  75  6:30  SCV x2  
  75  6:32  Marine x4  
  79  6:33  Marine x4  
  79  6:36  Terran Infantry Weapons Level 1, Siege Tank  
  79  6:37  Terran Infantry Armor Level 1  
  88  6:42  SCV x2  
  90  6:50  Marine  
  90  6:53  Command Center, Stimpack  
  91  6:56  Viking  
  91  6:58  Marine  
  94  7:05  Supply Depot  
  94  7:09  Supply Depot  
  94  7:15  Supply Depot  
  94  7:22  Armory  
  94  7:25  Marine x2, SCV x2  
  94  7:26  Siege Tank  
  101  7:31  Marine x6  
  107  7:37  SCV x2  
  107  7:43  Marine  
  110  7:44  Supply Depot  
  110  7:46  Marine  
  110  7:47  Marine  
  110  7:50  Medivac  
  110  7:51  Medivac  
  116  7:56  Marine x2  
  116  7:57  Marine  
  116  7:58  Siege Tank  
  122  8:05  Refinery  
  122  8:08  Refinery  
  122  8:12  Orbital Command  
  122  8:13  Marine  
  122  8:14  Marine x2  
  122  8:15  Marine  
  126  8:22  Marine x3  
  126  8:23  Marine  
  130  8:29  SCV x2  
  130  8:32  Siege Tank  
  135  8:37  Marine x4  
  138  8:48  Marine  
  138  8:49  Marine x4  
  138  8:54  Combat Shields  
  138  8:55  Marine x3  
  146  9:04  Siege Tank  
  96  9:26  Marine x3  
  96  9:27  Marine x6  
  105  9:37  Liberator x2  
  105  9:44  Marine x3  
  105  9:49  Marine x3  
  105  9:50  Siege Tank  
  105  9:51  Marine x2  
  105  9:52  Marine  
  114  9:59  SCV x2  
  123  10:00  SCV  
  123  10:02  Marine x2  
  125  10:11  SCV  
  125  10:12  SCV x2  
  125  10:13  Concussive Shells  
  128  10:14  Terran Infantry Weapons Level 2  
  128  10:15  Terran Infantry Armor Level 2  
  128  10:18  Supply Depot  
  128  10:20  Liberator  
  128  10:22  Liberator  
  128  10:23  SCV  
  128  10:24  SCV  
  130  10:34  Marine x6  
  130  10:35  Marine x3  
  139  10:38  Siege Tank  
  148  10:52  Marine x7  
  148  10:53  Supply Depot, Marine x2  
  148  10:55  Supply Depot  
  157  11:02  Liberator  
  157  11:05  Liberator  
  157  11:12  Command Center  
  157  11:15  Marine x5, Siege Tank  
  157  11:16  Marine x3, SCV  
  167  11:42  Marine x5  
  168  11:47  Missile Turret  
  168  11:49  Missile Turret  
  168  11:53  Missile Turret  
  162  11:56  Missile Turret  
  162  11:57  Missile Turret  
  162  11:58  Missile Turret  
  162  12:00  Missile Turret  
  162  12:01  Missile Turret  
  162  12:05  Missile Turret  
  162  12:11  Missile Turret  
  162  12:13  Missile Turret x2  
  162  12:15  Marine x4, Missile Turret  
  154  12:57  Terran Infantry Weapons Level 3  
  154  12:58  Factory, Terran Infantry Armor Level 3  
  154  12:59  Command Center  
  150  13:51  Marine x4  
  150  13:52  Marine x5  
  150  13:53  Siege Tank  
  162  14:09  Marine x6  
  166  14:10  Marine x3  
  166  14:13  Liberator x2  
  166  14:14  Missile Turret  
  166  14:16  Missile Turret  
  171  14:19  Refinery  
  171  14:21  Refinery  
  171  14:27  Marine x2  
  171  14:30  Marine x2  
  181  14:31  Supply Depot  
  181  14:33  Marine x2, Siege Tank  
  186  15:06  Siege Tank  
  183  15:27  Planetary Fortress  
  179  15:29  SCV  
  179  15:30  SCV x2  
  182  15:41  Factory Tech Lab  
  182  15:42  SCV, Thor  
  183  15:44  Factory Tech Lab  
  183  15:46  Marine  
  183  15:47  Marauder  
  117  16:08  Marauder  
  104  16:19  Marine x6  
  104  16:21  Thor  
  104  16:23  Marine x2  
  104  16:25  Thor  
  118  16:29  Marine  
  125  16:36  Marine  
  125  16:37  Marine x3  
  129  16:45  Viking  
  129  16:46  Viking  
  133  16:50  Terran Vehicle Weapons Level 1  
  133  17:03  SCV x4  
  133  17:04  Thor  
  133  17:08  Thor  
  149  17:21  Ghost Academy  
  149  17:24  SCV x2  
  151  17:35  Marine x6  
  151  17:36  Marine x3  
  160  17:43  Viking  
  160  17:44  Viking  
  164  17:47  Thor  
  164  17:51  Thor  
  170  17:53  Marine x4  
  170  17:56  Marine x5  
  185  18:10  Marine  
  185  18:11  Marine x3  
  189  18:13  Marine  
  189  18:14  Marine x3  
  193  18:22  Command Center  
  193  18:27  SCV x3  
  193  18:28  SCV  
  197  18:39  Command Center  
  197  18:44  Terran Vehicle And Ship Armor Level 1  
  197  19:05  Fusion Core  
  197  19:08  Starport  
  197  19:20  Sensor Tower  
  197  19:45  Planetary Fortress  
  197  19:49  Starport Reactor  
  197  20:38  Terran Vehicle Weapons Level 2  
  181  21:54  Command Center  
  181  22:04  Battlecruiser  
  187  22:14  Battlecruiser  
  189  24:01  Battlecruiser x2  
  137  25:37  Battlecruiser x2  
  131  26:08  Marine x6  
  131  26:09  Marine x4  
  139  26:26  Marine x5  
  144  26:39  Marine x3  
  147  26:41  Battlecruiser x2  
Show
View Real Time Build Order
Export as new Build Order

blackxored Zerg - Winner!

Build Orders: Hatch First, Muta Ling Bane 

Get SALT Encoding   

  12  0:01  Drone  
  13  0:08  Drone  
  14  0:17  Overlord  
  14  0:22  Extractor  
  14  0:23  Drone  
  15  0:37  Drone x2  
  17  0:52  Hatchery  
  17  0:55  Drone  
  17  0:58  Drone  
  18  1:09  Extractor  
  17  1:14  Spawning Pool  
  17  1:17  Drone  
  17  1:20  Drone  
  18  1:27  Drone  
  19  1:38  Overlord  
  19  1:49  Drone  
  20  2:01  Queen  
  20  2:02  Zergling x2  
  20  2:04  Zergling x2, Queen  
  26  2:10  Zergling x2  
  26  2:12  Metabolic Boost  
  27  2:18  Drone  
  28  2:24  Drone  
  29  2:30  Drone  
  30  2:53  Hatchery  
  30  2:55  Drone x5  
  34  3:02  Drone  
  35  3:07  Pneumatized Carapace  
  35  3:08  Overlord  
  34  3:21  Drone  
  34  3:23  Overlord  
  35  3:33  Overlord  
  35  3:35  Drone x3  
  35  3:36  Drone x2  
  40  3:45  Queen  
  42  3:50  Queen  
  42  3:52  Zergling x8  
  42  3:53  Spine Crawler  
  47  3:57  Baneling Nest, Drone  
  43  4:19  Drone x7  
  50  4:29  Drone  
  51  4:32  Drone x2  
  53  4:41  Drone x2  
  55  4:47  Drone  
  55  4:48  Drone  
  55  4:49  Drone  
  55  4:52  Drone  
  59  5:05  Zergling x14  
  66  5:10  Overlord x2  
  66  5:13  Lair  
  66  5:23  Drone, Evolution Chamber  
  66  5:26  Drone, Evolution Chamber  
  66  5:28  Queen  
  68  5:32  Drone x4  
  68  5:35  Baneling x5  
  72  5:36  Baneling x2  
  72  5:49  Drone, Spore Crawler  
  72  5:51  Drone  
  72  5:55  Drone  
  72  5:56  Drone x5  
  79  5:58  Extractor  
  79  6:00  Extractor  
  77  6:06  Drone x2  
  77  6:07  Drone x3  
  82  6:13  Overlord x3  
  82  6:15  Zerg Melee Weapons Level 1  
  82  6:29  Overlord x6  
  82  6:33  Drone  
  82  6:35  Zergling x4  
  82  6:36  Hatchery  
  82  6:37  Baneling x5  
  82  6:38  Baneling  
  84  6:51  Zergling x12  
  84  6:52  Zergling x2  
  91  7:02  Zergling x8  
  91  7:03  Zergling x4  
  91  7:04  Baneling x2  
  91  7:05  Baneling x7  
  97  7:12  Overseer  
  97  7:22  Zergling x12  
  103  7:34  Drone x2  
  103  7:35  Extractor, Drone x2  
  103  7:36  Extractor, Drone x4  
  109  7:43  Spire  
  108  7:48  Extractor  
  108  7:50  Hatchery  
  106  7:51  Drone  
  106  7:52  Drone x2  
  106  7:53  Extractor  
  106  7:54  Drone  
  106  7:56  Zergling x14  
  106  7:58  Baneling x7  
  116  8:01  Baneling  
  116  8:03  Baneling  
  116  8:14  Drone x11, Hatchery  
  126  8:20  Infestation Pit  
  126  8:21  Zerg Ground Armor Level 1  
  125  8:32  Zerg Melee Weapons Level 2  
  125  8:35  Hatchery  
  125  8:38  Drone x3  
  127  8:41  Drone  
  127  8:43  Drone x3  
  127  8:45  Extractor  
  127  8:46  Drone x4  
  133  8:54  Centrifical Hooks  
  133  9:00  Hatchery  
  133  9:10  Zergling x32  
  137  9:19  Zergling x2  
  137  9:20  Zergling x4  
  118  9:24  Zergling x2  
  118  9:25  Zergling x8  
  118  9:27  Baneling  
  118  9:28  Zergling x4, Baneling x7  
  118  9:29  Zergling x4  
  127  9:33  Queen  
  127  9:35  Zergling x6  
  127  9:38  Drone x3  
  127  9:46  Zergling x8  
  127  9:50  Drone x2  
  133  9:55  Zerg Flyer Weapons Level 1, Mutalisk x2  
  137  10:04  Zergling x12  
  137  10:05  Zergling x8  
  137  10:06  Baneling  
  137  10:07  Baneling x25  
  147  10:09  Drone x4  
  147  10:10  Drone  
  152  10:22  Hive  
  152  10:23  Zerg Ground Armor Level 2  
  152  10:25  Zergling x14  
  152  10:27  Overlord x8  
  159  10:41  Overlord x3  
  159  11:05  Zergling x34  
  159  11:06  Zergling x20  
  186  11:11  Mutalisk  
  186  11:12  Mutalisk  
  186  11:17  Mutalisk x5  
  186  11:18  Mutalisk  
  184  11:58  Zerg Melee Weapons Level 3, Ultralisk Cavern  
  183  12:04  Drone  
  183  12:05  Drone x6  
  190  12:12  Zerg Flyer Armor Level 1  
  191  12:15  Drone x2  
  191  12:16  Drone x3  
  191  12:18  Extractor  
  191  12:20  Extractor  
  161  12:47  Ultralisk x5  
  161  12:48  Corruptor x7  
  161  12:49  Corruptor x2  
  161  12:50  Drone  
  200  13:15  Zerg Ground Armor Level 3  
  185  13:29  Corruptor x6  
  191  13:43  Zergling x2  
  191  13:44  Zergling x22  
  191  13:46  Hatchery  
  185  14:18  Baneling x9  
  185  14:24  Chitinous Plating  
  185  14:36  Drone x6  
  185  14:37  Drone  
  192  14:52  Drone x3  
  195  15:01  Extractor  
  195  15:03  Extractor  
  191  15:25  Ultralisk x2  
  191  16:10  Ultralisk x4  
  198  16:21  Zergling x2  
  199  16:52  Zerg Flyer Armor Level 2  
  199  16:54  Hatchery  
  195  18:26  Drone x3  
  199  18:27  Extractor, Drone x2  
  199  18:28  Extractor  
  199  18:30  Drone  
  199  18:37  Hatchery  
  198  19:12  Overlord  
  198  19:14  Overlord  
  198  19:15  Overlord  
  198  19:16  Overlord  
  198  19:24  Greater Spire  
  198  19:35  Extractor x2  
  196  19:44  Overlord  
  196  19:51  Zerg Missile Weapons Level 1  
  196  19:54  Viper  
  180  20:35  Drone x6  
  180  20:36  Drone x6  
  192  20:43  Drone x3  
  194  21:35  Zerg Flyer Weapons Level 2  
  194  22:39  Drone x5  
  194  22:40  Drone x3  
  194  22:45  Hatchery  
  194  22:46  Hatchery  
  181  22:59  Hatchery  
  180  23:05  Extractor  
  180  23:06  Extractor  
  180  23:08  Extractor  
  180  23:09  Extractor  
  180  23:12  Drone x4  
  180  23:14  Drone x2  
  176  24:08  Overlord  
  176  24:18  Drone x6  
  176  24:22  Drone, Spore Crawler  
  176  24:23  Drone x5  
  187  24:25  Spine Crawler  
  187  24:26  Brood Lord x5  
  187  24:27  Brood Lord  
  198  24:37  Drone  
  199  24:56  Spine Crawler  
  199  24:58  Drone, Spine Crawler x2  
  199  24:59  Drone x2, Spine Crawler x2  
  197  25:03  Spine Crawler  
  197  25:06  Spine Crawler  
  147  25:37  Corruptor x5  
  147  25:39  Ultralisk x7  
  195  26:38  Corruptor  
  195  26:39  Corruptor  
  185  27:04  Corruptor x7  
  185  27:05  Corruptor  
  191  27:15  Corruptor x5  
  189  27:16  Corruptor  
Tags
 
Add a new tag
Caveats
  • Supply blocks, unpowered buildings, or Contaminate may cause inaccurate times.
  • Supply counts are checked every 10 seconds.